 Dungeon Sprint DCSS version 0.19.1 (webtiles) character file.

19293446 XO4YCPATb the Champion of Chaos (level 21, 244/244 HPs)
             Began as a Deep Dwarf Fighter on Dec 8, 2016.
             Was the Champion of Makhleb.
             Escaped with the Orb
             ... and 5 runes!
             The game lasted 00:45:29 (8399 turns).

XO4YCPATb the Champion of Chaos (DDFi)              Turns: 8399, Time: 00:45:29

Health: 244/244    AC: 47    Str: 32    XL:     21   Next: 70%
Magic:  37/37      EV: 20    Int: 10    God:    Makhleb [******]
Gold:   547        SH: 30    Dex: 12    Spells: 0 memorised, 64 levels left

rFire  + + +     SeeInvis .     z - +3 eudemon blade (holy)
rCold  + + .     Gourm    .     G - +12 gold dragon scales
rNeg   + + +     Faith    .     O - +2 large shield
rPois  +         Spirit   .     R - +0 hat {MR+}
rElec  +         Reflect  .     B - +0 cloak
rCorr  .         Harm     .     S - +1 pair of gloves
MR     ++++.     NoTele   +     r - +1 pair of boots
Stlth  +.........               (no amulet)
                                p - ring "Keiphygar" {rF++ Str+3}
                                m - ring of Liberty {rElec rPois rC+ rN++ Stlth-}

@: non-regenerating
A: damage resistance, recharge devices, negative energy resistance 1, sense
surroundings 3, slow regeneration 3, subdued magic 1
a: Device Recharging, Minor Destruction, Lesser Servant of Makhleb, Major
Destruction, Greater Servant of Makhleb, Renounce Religion
0: Orb of Zot
}: 5/15 runes: decaying, serpentine, barnacled, silver, gossamer


You escaped.
You worshipped Makhleb.
Makhleb was exalted by your worship.
You were not hungry.

You visited 1 branch You collected 1772 gold pieces.
You spent 1225 gold pieces at shops.

Inventory:

Hand Weapons
 z - a +3 eudemon blade of holy wrath (weapon)
 K - a +4 double sword
Missiles
 q - a throwing net
Armour
 c - a +0 shield
 r - a +1 pair of boots (worn)
 B - a +0 cloak (worn)
 G - +12 gold dragon scales (worn)
 O - a +2 large shield (worn)
 R - a +0 hat of magic resistance (worn)
 S - a +1 pair of gloves (worn)
 U - a +0 pair of gloves of dexterity
 V - a +0 helmet of intelligence
Jewellery
 b - the ring of Shadows {Umbra +Inv Stlth+}
   (You found it in the Dungeon)

   [ring of stealth]

   It lets you turn invisible.
   It makes you more stealthy.
 m - the ring of Liberty (left hand) {rElec rPois rC+ rN++ Stlth-}
   (You found it in the Dungeon)

   [ring of protection from cold]

   It protects you from cold.
   It insulates you from electricity.
   It protects you from poison.
   It greatly protects you from negative energy.
   It makes you less stealthy.
 o - the ring of Leocs {rC+ AC+3 Int+3}
   (You found it in the Dungeon)

   [ring of protection]

   It affects your AC (+3).
   It affects your intelligence (+3).
   It protects you from cold.
 p - the ring "Keiphygar" (right hand) {rF++ Str+3}
   (You found it in the Dungeon)

   [ring of strength]

   It affects your strength (+3).
   It greatly protects you from fire.
 y - the ring "Ajyrue" {rC+ SInv Stlth+}
   (You found it in the Dungeon)

   [ring of see invisible]

   It protects you from cold.
   It lets you see invisible.
   It makes you more stealthy.
 J - a +6 ring of protection
 L - the ring of New Discoveries {Fire rN+ Str-3 Stlth+}
   (You found it in the Dungeon)

   [ring of fire]

   It enhances your fire magic.
   It affects your strength (-3).
   It protects you from fire.
   It makes you vulnerable to cold.
   It protects you from negative energy.
   It makes you more stealthy.
 Q - a +6 ring of strength (quivered)
 T - an uncursed ring of flight
Wands
 d - a wand of acid (7/15)
 e - a wand of heal wounds (4/9)
 Y - a wand of hasting (5/9)
Scrolls
 k - 7 scrolls of remove curse
 l - 5 scrolls of blinking
 n - 3 scrolls of amnesia
 C - 5 scrolls of fog
 D - 6 scrolls of fear
 E - a scroll of immolation
 F - 2 scrolls of magic mapping
Potions
 a - a potion of lignification
 g - 6 potions of curing
 h - a potion of invisibility
 i - a potion of agility
 j - 4 potions of magic
 t - 2 potions of flight
 u - 2 potions of brilliance
 w - a potion of berserk rage
 x - 2 potions of resistance
 M - a potion of haste
 P - 3 potions of cure mutation
 W - a potion of might
Comestibles
 f - 13 bread rations
 v - 12 meat rations
 A - 38 fruits


   Skills:
 O Level 27 Fighting
 O Level 27 Long Blades
 O Level 27 Throwing
 O Level 27 Armour
 O Level 27 Dodging
 O Level 27 Stealth
 O Level 27 Shields
 + Level 22.2 Spellcasting
 O Level 27 Invocations
 O Level 27 Evocations


You had 64 spell levels left.
You didn't know any spells.

Dungeon Overview and Level Annotations

Branches:
Dungeon (1/1)

Altars:
Cheibriados
Dithmenos
Elyvilon
Fedhas
Gozag
Hepliaklqana
Kikubaaqudgha
Makhleb
Nemelex Xobeh
Okawaru
Qazlal
Ru
Sif Muna
Trog
Uskayaw
Vehumet
Xom
Yredelemnul
Zin
The Shining One
Beogh
Jiyva
Lugonu

Shops:
D [[%


Innate Abilities, Weirdness & Mutations

You are resistant to damage.
You can recharge devices by infusing magical energy.
You resist negative energy. (rN+)
You passively map a large area around you.
You do not regenerate.
Your spells are a little easier to cast, but a little less powerful.


Message History

You block the soul eater's attack.
You slice the soul eater!!
You kill the soul eater!
There is a viscous altar of Jiyva here.
There is a hazy altar of Hepliaklqana here.
There is an opulent altar of Gozag here.
There is a blossoming altar of Fedhas here.
There is a white marble altar of Elyvilon here.
There is a shadowy altar of Dithmenos here.
There is a snail-covered altar of Cheibriados here.
There is a roughly hewn altar of Beogh here.
There is an open door to the Temple here.
There is an open door, spattered with blood here.
You see here a ring mail.
Unknown command.
Unknown command.
There is an open door to the Dungeon here.
There is a staircase leading out of the dungeon here.
You can't go down here!
You have escaped!

▓.▓.▓.▓.▓.▓.▓.▓.▓.
▓.▓.▓'▓.▓.▓.▓(▓.▓.
▓.▓.▓.▓.▓.▓.▓.▓.▓.
▓.▓.▓.▓.▓.▓.▓.▓.▓.
▓'▓.▓)▓.▓.▓.▓)▓.▓.
▓.▓.▓.▓.▓.▓.▓.▓.▓.
▓.▓.▓.▓.▓.▓.▓.▓.▓.
▓.▓.▓.▓.▓.▓.▓.▓.▓.
▓@▓...▓...▓...▓...
▓▓▓▓▓▓▓▓▓▓▓▓▓▓▓▓▓▓


There were no monsters in sight!

Vanquished Creatures
  7 pandemonium lords (D)
  2 orbs of fire (D)
  2 ancient liches (D)
  Mennas (D)
  Mara (D)
  Boris (D)
  Frederick (D)
  Margery (D)
  A curse toe (D)
  Xtahua (D)
  Nikola (D)
  A golden dragon (D)
  A bone dragon (D)
  2 liches (D)
  4 Tzitzimimeh (D)
  2 Brimstone Fiends (D)
  A hellephant (D)
  5 electric golems (D)
  42 Orb Guardians (D)
  5 tentacled monstrosities (D)
  A titan (D)
  3 quicksilver dragons (D)
  3 death cobs (D)
  Kirke (D)
  4 Executioners (D)
  A thorn hunter (D)
  8 shadow dragons (D)
  9 storm dragons (D)
  Donald (D)
  Ilsuiw (D)
  2 fire giants (D)
  A blood saint (D)
  2 draconian monks (D)
  6 nagarajas (D)
  2 balrugs (D)
  3 ghost moths (D)
  Louise (D)
  8 emperor scorpions (D)
  A vault warden (D)
  6 large abominations (D)
  A draconian zealot (D)
  2 ironheart preservers (D)
  3 draconian shifters (D)
  2 draconian callers (D)
  2 very ugly things (D)
  2 cacodemons (D)
  3 draconian annihilators (D)
  A spriggan defender (D)
  3 reapers (D)
  2 green draconians (D)
  A vampire knight (D)
  A corrupter (D)
  A dire elephant (D)
  3 stone giants (D)
  Azrael (D)
  2 purple draconians (D)
  A white draconian (D)
  2 black draconians (D)
  5 mottled draconians (D)
  3 red draconians (D)
  2 yellow draconians (D)
  A merfolk javelineer (D)
  6 fire dragons (D)
  3 green deaths (D)
  A deep elf high priest (D)
  8 merfolk impalers (D)
  Josephine (D)
  3 blizzard demons (D)
  2 yaktaur captains (D)
  2 ettins (D)
  4 great orbs of eyes (D)
  2 ice dragons (D)
  An ogre mage (D)
  24 vault guards (D)
  A hell beast (D)
  A merfolk avatar (D)
  4 naga warriors (D)
  2 rakshasas (D)
  6 hydras (D)
  An alligator (D)
  A centaur warrior (D)
  A spriggan air mage (D)
  2 merfolk aquamancers (D)
  A death knight (D)
  6 tengu warriors (D)
  2 deep troll shamans (D)
  A deep troll earth mage (D)
  A satyr (shapeshifter) (D)
  4 hell knights (D)
  3 hell hogs (D)
  A naga sharpshooter (D)
  2 sun demons (D)
  2 shock serpents (D)
  Sonja (D)
  A soul eater (D)
  A shadow wraith (D)
  A shadow demon (D)
  A flayed ghost (D)
  5 sixfirhies (D)
  A cherub (D)
  6 swamp dragons (D)
  2 sea snakes (D)
  A torturous demonspawn (D)
  A glowing orange brain (D)
  A phantasmal warrior (D)
  3 gelid demonspawn (D)
  2 ironbrand convokers (D)
  3 necromancers (D)
  2 hill giants (D)
  3 ugly things (D)
  4 orc knights (D)
  5 orc sorcerers (D)
  A manticore (D)
  3 wolf spiders (D)
  A cyclops (D)
  5 moths of wrath (D)
  2 vault sentinels (D)
  3 black mambas (D)
  A guardian serpent (shapeshifter) (D)
  2 naga magi (D)
  8 orange demons (D)
  8 elephants (D)
  4 spiny frogs (D)
  Joseph (D)
  4 smoke demons (D)
  Psyche (D)
  4 hellions (D)
  2 freezing wraiths (D)
  2 kobold demonologists (D)
  3 komodo dragons (D)
  A demonic crawler (D)
  5 yaktaurs (D)
  11 ice devils (D)
  10 red devils (D)
  5 hellwings (D)
  A troll (D)
  3 merfolk (D)
  2 jumping spiders (D)
  A meliai (D)
  A tyrant leech (D)
  2 slime creatures (D)
  2 hornets (D)
  A blink frog (D)
  A snapping turtle (D)
  4 redbacks (D)
  2 yaks (D)
  A shadow (D)
  2 tarantellas (D)
  A wyvern (D)
  6 wraiths (D)
  3 ynoxinuls (D)
  3 neqoxecs (D)
  2 water elementals (D)
  3 fire elementals (D)
  A vampire mosquito (D)
  A human (shapeshifter) (D)
  Eustachio (D)
  4 chaos spawn (D)
  2 mottled dragons (D)
  3 nagas (D)
  3 water moccasins (D)
  6 hell hounds (D)
  2 porcupines (D)
  10 orc warriors (D)
  3 swamp drakes (D)
  A small abomination (D)
  A crocodile (D)
  4 bullfrogs (D)
  2 scorpions (D)
  3 crimson imps (D)
  A quasit (D)
  5 orc priests (D)
  A jelly (D)
  2 hounds (D)
  12 orc wizards (D)
  2 worker ants (D)
  An adder (D)
  A shadow imp (D)
  A white imp (D)
  An ooze (D)
  An adder zombie (D)
  7 orcs (D)
  A bat skeleton (D)
  A jackal (D)
  A kobold (D)
  A quokka (D)
  A bat (D)
  A frilled lizard (D)
  A crawling corpse (D)
  A fire vortex (D)
551 creatures vanquished.

Vanquished Creatures (others)
  A draconian caller (D)
  A vault guard (D)
  A spatial maelstrom (D)
  A naga mage (D)
  3 humans (D)
  An adder skeleton (D)
8 creatures vanquished.

Grand Total: 559 creatures vanquished

Notes
Turn   | Place    | Note
-------+----------+-------------------------------------------
     0 | D        | XO4YCPATb the Deep Dwarf Fighter began the quest for the Orb.
     0 | D        | Reached XP level 1. HP: 20/20 MP: 1/1
    16 | D        | Banished a spatial maelstrom
    23 | D        | Reached XP level 2. HP: 24/27 MP: 2/2
    32 | D        | Noticed a crimson imp
    32 | D        | Noticed a scorpion
    42 | D        | Killed a scorpion
    42 | D        | Reached skill level 5 in Shields
    42 | D        | Reached XP level 3. HP: 6/33 MP: 3/3
    53 | D        | Reached XP level 4. HP: 23/40 MP: 4/4
   116 | D        | Reached XP level 5. HP: 23/46 MP: 5/5
   123 | D        | Found a roughly hewn altar of Beogh.
   123 | D        | Found a snail-covered altar of Cheibriados.
   123 | D        | Found a shadowy altar of Dithmenos.
   123 | D        | Found a white marble altar of Elyvilon.
   123 | D        | Found a blossoming altar of Fedhas.
   123 | D        | Found an opulent altar of Gozag.
   124 | D        | Found a hazy altar of Hepliaklqana.
   125 | D        | Found a viscous altar of Jiyva.
   126 | D        | Found an ancient bone altar of Kikubaaqudgha.
   127 | D        | Found a corrupted altar of Lugonu.
   128 | D        | Found a burning altar of Makhleb.
   129 | D        | Found a sparkling altar of Nemelex Xobeh.
   130 | D        | Found an iron altar of Okawaru.
   131 | D        | Found a stormy altar of Qazlal.
   132 | D        | Found a sacrificial altar of Ru.
   133 | D        | Found a deep blue altar of Sif Muna.
   134 | D        | Found a bloodstained altar of Trog.
   135 | D        | Found a hide-covered altar of Uskayaw.
   136 | D        | Became a worshipper of Makhleb the Destroyer
   137 | D        | Found a radiant altar of Vehumet.
   138 | D        | Found a shimmering altar of Xom.
   139 | D        | Found a basalt altar of Yredelemnul.
   140 | D        | Found a glowing silver altar of Zin.
   141 | D        | Found a glowing golden altar of the Shining One.
   195 | D        | Noticed a yak
   201 | D        | Reached skill level 1 in Evocations
   207 | D        | Reached * piety under Makhleb
   226 | D        | Killed a yak
   226 | D        | Reached skill level 10 in Long Blades
   226 | D        | Reached skill level 5 in Armour
   226 | D        | Reached skill level 5 in Evocations
   226 | D        | Reached XP level 6. HP: 44/58 MP: 7/9
   228 | D        | Reached ** piety under Makhleb
   241 | D        | Noticed a red ugly thing
   241 | D        | Noticed a wyvern
   241 | D        | Noticed a hill giant
   241 | D        | Noticed a kobold demonologist
   243 | D        | Noticed a red devil
   250 | D        | Noticed a soul eater
   252 | D        | Killed a kobold demonologist
   252 | D        | Reached skill level 5 in Fighting
   252 | D        | Reached XP level 7. HP: 41/67 MP: 9/11
   256 | D        | Killed a hill giant
   256 | D        | Reached XP level 8. HP: 76/76 MP: 9/13
   275 | D        | Killed a red ugly thing
   275 | D        | Reached skill level 10 in Shields
   277 | D        | Reached *** piety under Makhleb
   402 | D        | Noticed a komodo dragon
   402 | D        | Noticed a komodo dragon
   402 | D        | Noticed a spiny frog
   407 | D        | Killed a spiny frog
   407 | D        | Gained mutation: You passively map the area around you. [Deep Dwarf growth]
   407 | D        | Reached XP level 9. HP: 76/86 MP: 13/13
   423 | D        | Reached **** piety under Makhleb
   436 | D        | Killed a komodo dragon
   443 | D        | Killed a komodo dragon
   457 | D        | Noticed a spiny frog
   461 | D        | Reached ***** piety under Makhleb
   469 | D        | Killed a spiny frog
   469 | D        | Reached skill level 10 in Armour
   518 | D        | Noticed a spiny frog
   522 | D        | Noticed an elephant
   525 | D        | Noticed a komodo dragon
   539 | D        | Killed a spiny frog
   541 | D        | Reached XP level 10. HP: 87/99 MP: 14/14
   549 | D        | Killed an elephant
   549 | D        | Reached skill level 15 in Long Blades
   563 | D        | Reached ****** piety under Makhleb
   596 | D        | Noticed an elephant
   596 | D        | Noticed an elephant
   596 | D        | Noticed an elephant
   596 | D        | Noticed an elephant
   596 | D        | Noticed a dire elephant
   596 | D        | Noticed an elephant
   613 | D        | Noticed an elephant
   622 | D        | Killed a dire elephant
   630 | D        | Killed an elephant
   630 | D        | Reached skill level 5 in Invocations
   637 | D        | Killed an elephant
   645 | D        | Killed an elephant
   654 | D        | Killed an elephant
   654 | D        | Reached skill level 10 in Fighting
   668 | D        | Killed an elephant
   677 | D        | Killed an elephant
   677 | D        | Reached XP level 11. HP: 109/109 MP: 15/15
   746 | D        | Noticed Sonja
   967 | D        | Reached skill level 5 in Dodging
  1085 | D        | Found Pugykonot's Food Boutique.
  1085 | D        | Noticed an orc sorcerer
  1085 | D        | Noticed an orc sorcerer
  1090 | D        | Noticed an orc sorcerer
  1099 | D        | Paralysed by an orc sorcerer for 2 turns
  1107 | D        | Killed an orc sorcerer
  1111 | D        | Killed an orc sorcerer
  1111 | D        | Reached skill level 10 in Invocations
  1112 | D        | Found Issam's Antique Armour Shop.
  1114 | D        | Paralysed by an orc sorcerer for 3 turns
  1118 | D        | Killed an orc sorcerer
  1123 | D        | Found Urut's Magic Scroll Boutique.
  1125 | D        | Found Mavuras's Armour Shop.
  1127 | D        | Noticed an orc sorcerer
  1132 | D        | Noticed an orc sorcerer
  1139 | D        | Killed an orc sorcerer
  1149 | D        | Killed an orc sorcerer
  1179 | D        | Bought a scroll of remove curse for 30 gold pieces
  1179 | D        | Bought a scroll of enchant weapon for 75 gold pieces
  1179 | D        | Bought a scroll of random uselessness for 10 gold pieces
  1179 | D        | Bought a scroll of enchant armour for 75 gold pieces
  1179 | D        | Bought a scroll of blinking for 75 gold pieces
  1179 | D        | Bought a scroll of enchant armour for 75 gold pieces
  1179 | D        | Bought a scroll of enchant armour for 75 gold pieces
  1179 | D        | Bought a scroll of fog for 20 gold pieces
  1179 | D        | Bought a scroll of blinking for 75 gold pieces
  1179 | D        | Bought a scroll of fear for 35 gold pieces
  1179 | D        | Bought a scroll of immolation for 35 gold pieces
  1179 | D        | Bought a scroll of magic mapping for 35 gold pieces
  1179 | D        | Bought a scroll of identify for 20 gold pieces
  1179 | D        | Bought 2 scrolls of identify for 40 gold pieces
  1183 | D        | Bought a +10 plate armour of ponderousness for 550 gold pieces
  1219 | D        | Noticed Joseph
  1238 | D        | Killed Joseph
  1273 | D        | Noticed Psyche
  1281 | D        | Killed Psyche
  1284 | D        | Noticed Eustachio
  1298 | D        | Killed Eustachio
  1400 | D        | Noticed a hill giant
  1409 | D        | Noticed a death knight
  1409 | D        | Killed a hill giant
  1412 | D        | Noticed a deep troll earth mage
  1415 | D        | Reached skill level 15 in Shields
  1425 | D        | Noticed a tengu warrior
  1443 | D        | Killed a death knight
  1451 | D        | Noticed a tengu warrior
  1451 | D        | Killed a deep troll earth mage
  1479 | D        | Killed a tengu warrior
  1479 | D        | Reached XP level 12. HP: 120/120 MP: 18/18
  1485 | D        | Killed a tengu warrior
  1500 | D        | Noticed a tengu warrior
  1519 | D        | Killed a tengu warrior
  1580 | D        | Noticed Josephine
  1602 | D        | Killed Josephine
  1632 | D        | Noticed Donald
  1651 | D        | Killed Donald
  1701 | D        | Killed a ghost moth
  1733 | D        | Paralysed by a hornet for 2 turns
  1807 | D        | Reached skill level 10 in Evocations
  1829 | D        | Noticed a thorn hunter
  1829 | D        | Noticed a five-headed hydra
  1829 | D        | Noticed an alligator
  1844 | D        | Killed a five-headed hydra
  1847 | D        | Killed an alligator
  1847 | D        | Reached XP level 13. HP: 115/130 MP: 21/21
  1856 | D        | Killed a thorn hunter
  1856 | D        | Reached skill level 15 in Armour
  1892 | D        | Reached skill level 15 in Invocations
  2006 | D        | Noticed Azrael
  2027 | D        | Killed Azrael
  2027 | D        | Reached skill level 10 in Dodging
  2048 | D        | Noticed Kirke
  2063 | D        | Killed Kirke
  2094 | D        | Noticed a fire dragon
  2094 | D        | Noticed a stone giant
  2102 | D        | Noticed a golden dragon
  2105 | D        | Noticed a fire dragon
  2110 | D        | Killed a stone giant
  2112 | D        | Noticed a spriggan defender
  2113 | D        | Noticed an ettin
  2127 | D        | Killed a golden dragon
  2138 | D        | Killed a fire dragon
  2155 | D        | Killed a fire dragon
  2173 | D        | Killed a spriggan defender
  2181 | D        | Killed an ettin
  2181 | D        | Gained mutation: You resist negative energy. (rN+) [Deep Dwarf growth]
  2181 | D        | Reached XP level 14. HP: 78/145 MP: 24/24
  2243 | D        | Noticed a brown very ugly thing
  2267 | D        | Killed a white very ugly thing
  2304 | D        | Noticed a brown very ugly thing
  2339 | D        | Killed a brown very ugly thing
  2343 | D        | Noticed a vault warden
  2347 | D        | Noticed an ironheart preserver
  2381 | D        | Reached skill level 15 in Fighting
  2392 | D        | Noticed an ironheart preserver
  2435 | D        | Killed a vault warden
  2443 | D        | Killed an ironheart preserver
  2448 | D        | Killed an ironheart preserver
  2478 | D        | Noticed a purple draconian caller
  2495 | D        | Killed a purple draconian caller
  2556 | D        | Noticed a fire giant
  2568 | D        | Killed a fire giant
  2596 | D        | Noticed Nikola
  2616 | D        | Killed Nikola
  2805 | D        | Noticed Xtahua
  2820 | D        | Killed Xtahua
  2844 | D        | Noticed Frederick
  2871 | D        | Killed Frederick
  2871 | D        | Reached skill level 15 in Evocations
  2871 | D        | Reached XP level 15. HP: 74/158 MP: 26/26
  3035 | D        | Killed a ghost moth
  3112 | D        | Got a gossamer rune of Zot
  3117 | D        | Killed a ghost moth
  3126 | D        | Noticed Ilsuiw
  3317 | D        | Killed Ilsuiw
  3432 | D        | Got a barnacled rune of Zot
  3455 | D        | Noticed a nagaraja
  3455 | D        | Noticed a nagaraja
  3455 | D        | Noticed a nagaraja
  3459 | D        | Noticed a nagaraja
  3479 | D        | Killed a nagaraja
  3480 | D        | Noticed a nagaraja
  3493 | D        | Killed a nagaraja
  3503 | D        | Killed a nagaraja
  3510 | D        | Noticed a nagaraja
  3512 | D        | Killed a nagaraja
  3523 | D        | Killed a nagaraja
  3544 | D        | Killed a nagaraja
  3559 | D        | Reached XP level 16. HP: 174/174 MP: 23/23
  3579 | D        | Got a serpentine rune of Zot
  3695 | D        | Got a decaying rune of Zot
  3726 | D        | Noticed Louise
  3747 | D        | Killed Louise
  3767 | D        | Noticed Boris
  3799 | D        | Killed Boris
  3808 | D        | Noticed Margery
  3840 | D        | Killed Margery
  4122 | D        | Noticed a shadow dragon
  4122 | D        | Noticed a storm dragon
  4140 | D        | Killed a storm dragon
  4145 | D        | Noticed a shadow dragon
  4166 | D        | Killed a shadow dragon
  4195 | D        | Noticed a shadow dragon
  4201 | D        | Killed a shadow dragon
  4222 | D        | Reached XP level 17. HP: 187/187 MP: 26/26
  4353 | D        | Noticed a titan
  4399 | D        | Killed a titan
  4399 | D        | Reached skill level 27 in Invocations
  4461 | D        | Got a silver rune of Zot
  4518 | D        | Noticed Mennas
  4575 | D        | Killed Mennas
  4627 | D        | Noticed Mara
  4645 | D        | Killed Mara
  4686 | D        | Got the ring of Liberty {rElec rPois rC+ rN++ Stlth-}
  4688 | D        | Got the ring of Leocs {rC+ AC+3 Int+3}
  4690 | D        | Got the ring "Keiphygar" {rF++ Str+3}
  4692 | D        | Got the ring "Ajyrue" {rC+ SInv Stlth+}
  4694 | D        | Got the ring of New Discoveries {Fire rN+ Str-3 Stlth+}
  4942 | D        | Noticed a bone dragon
  4948 | D        | Killed a bone dragon
  5059 | D        | Reached skill level 27 in Shields
  5103 | D        | Gained mutation: You passively map a large area around you. [Deep Dwarf growth]
  5103 | D        | Reached XP level 18. HP: 201/201 MP: 25/25
  5122 | D        | Noticed a tentacled monstrosity
  5142 | D        | Killed a tentacled monstrosity
  5142 | D        | Reached skill level 27 in Long Blades
  5235 | D        | Reached skill level 27 in Armour
  5291 | D        | Noticed a tentacled monstrosity
  5308 | D        | Noticed a tentacled monstrosity
  5308 | D        | Killed a tentacled monstrosity
  5343 | D        | Killed a tentacled monstrosity
  5463 | D        | Noticed an Orb Guardian
  5463 | D        | Noticed an Orb Guardian
  5463 | D        | Noticed an Orb Guardian
  5463 | D        | Noticed an Orb Guardian
  5463 | D        | Noticed an Orb Guardian
  5463 | D        | Noticed an Orb Guardian
  5473 | D        | Killed an Orb Guardian
  5483 | D        | Killed an Orb Guardian
  5492 | D        | Killed an Orb Guardian
  5498 | D        | Killed an Orb Guardian
  5507 | D        | Killed an Orb Guardian
  5512 | D        | Noticed an Orb Guardian
  5513 | D        | Killed an Orb Guardian
  5513 | D        | Reached skill level 27 in Fighting
  5515 | D        | Noticed an Orb Guardian
  5518 | D        | Killed an Orb Guardian
  5519 | D        | Noticed an Orb Guardian
  5527 | D        | Killed an Orb Guardian
  5534 | D        | Killed an Orb Guardian
  5534 | D        | Reached skill level 15 in Dodging
  5535 | D        | Noticed an Orb Guardian
  5556 | D        | Killed an Orb Guardian
  5562 | D        | Noticed a tentacled monstrosity
  5562 | D        | Noticed an Orb Guardian
  5562 | D        | Noticed an Orb Guardian
  5562 | D        | Noticed a curse toe
  5567 | D        | Killed a curse toe
  5569 | D        | Noticed an Orb Guardian
  5574 | D        | Noticed an Orb Guardian
  5578 | D        | Killed an Orb Guardian
  5581 | D        | Killed a tentacled monstrosity
  5588 | D        | Killed an Orb Guardian
  5596 | D        | Killed an Orb Guardian
  5616 | D        | Killed an Orb Guardian
  5616 | D        | Reached XP level 19. HP: 151/226 MP: 26/26
  5628 | D        | Noticed an ancient lich
  5640 | D        | Killed an ancient lich
  5643 | D        | Noticed an orb of fire
  5661 | D        | Gained mutation: Your body sometimes deteriorates upon taking damage. [an orb of fire]
  5671 | D        | Killed an orb of fire
  5674 | D        | Noticed an electric golem
  5684 | D        | Killed an electric golem
  5687 | D        | Noticed an electric golem
  5687 | D        | Noticed an electric golem
  5688 | D        | Noticed an ancient lich
  5695 | D        | Noticed an orb of fire
  5704 | D        | Noticed an electric golem
  5717 | D        | Killed an ancient lich
  5722 | D        | Gained mutation: You are dopey. (Int -2) [an orb of fire]
  5723 | D        | Killed an electric golem
  5725 | D        | Gained mutation: You are clumsy. (Dex -2) [an orb of fire]
  5731 | D        | Gained mutation: Armour fits poorly on your strangely shaped body. [an orb of fire]
  5738 | D        | Gained mutation: Scrolls take you a little longer to read. [an orb of fire]
  5746 | D        | Gained mutation: Your spells are a little easier to cast, but a little less powerful. [an orb of fire]
  5761 | D        | Gained mutation: You are very dopey. (Int -4) [an orb of fire]
  5764 | D        | Killed an orb of fire
  5764 | D        | Reached skill level 27 in Dodging
  5783 | D        | Noticed an electric golem
  5810 | D        | Killed an electric golem
  5864 | D        | Killed an electric golem
  5906 | D        | Killed an electric golem
  5906 | D        | Reached skill level 27 in Evocations
  5955 | D        | Reached skill level 10 in Stealth
  5977 | D        | Reached skill level 15 in Stealth
  6074 | D        | Reached XP level 20. HP: 236/236 MP: 27/27
  6076 | D        | Got the Orb of Zot
  6315 | D        | Lost mutation: Your body sometimes deteriorates upon taking damage. [potion of cure mutation]
  6315 | D        | Lost mutation: You are clumsy. (Dex -2) [potion of cure mutation]
  6315 | D        | Lost mutation: Scrolls take you a little longer to read. [potion of cure mutation]
  6315 | D        | Lost mutation: Armour fits poorly on your strangely shaped body. [potion of cure mutation]
  6315 | D        | Lost mutation: You are very dopey. (Int -4) [potion of cure mutation]
  6779 | D        | Reached skill level 27 in Stealth
  6796 | D        | Noticed Otti Fiux the pandemonium lord
  6827 | D        | Killed Otti Fiux the pandemonium lord
  6893 | D        | Gained mutation: Scrolls take you a little longer to read. [a cacodemon]
  6910 | D        | Lost mutation: Your spells are a little easier to cast, but a little less powerful. [potion of cure mutation]
  6910 | D        | Lost mutation: You are dopey. (Int -2) [potion of cure mutation]
  6910 | D        | Lost mutation: Scrolls take you a little longer to read. [potion of cure mutation]
  6945 | D        | Reached skill level 15 in Throwing
  7039 | D        | Noticed Wigotzuu the pandemonium lord
  7097 | D        | Killed Wigotzuu the pandemonium lord
  7247 | D        | Noticed Osa Vewu the pandemonium lord
  7249 | D        | Noticed Ihauhez the pandemonium lord
  7285 | D        | Killed Ihauhez the pandemonium lord
  7302 | D        | Killed Osa Vewu the pandemonium lord
  7327 | D        | Noticed Filety the pandemonium lord
  7355 | D        | Killed Filety the pandemonium lord
  7498 | D        | Gained mutation: You are clumsy. (Dex -2) [a neqoxec]
  7499 | D        | Gained mutation: You are frail. (-10% HP) [a neqoxec]
  7504 | D        | Gained mutation: Scrolls take you a little longer to read. [a neqoxec]
  7585 | D        | Killed Sonja
  7614 | D        | Gained mutation: Scrolls take you longer to read. [a neqoxec]
  7622 | D        | Lost mutation: Scrolls take you longer to read. [potion of cure mutation]
  7622 | D        | Lost mutation: You are frail. (-10% HP) [potion of cure mutation]
  7622 | D        | Lost mutation: You are clumsy. (Dex -2) [potion of cure mutation]
  7622 | D        | Lost mutation: Scrolls take you a little longer to read. [potion of cure mutation]
  7810 | D        | Reached XP level 21. HP: 244/244 MP: 28/28
  7851 | D        | Reached skill level 27 in Throwing
  7870 | D        | Noticed Lirydafe the pandemonium lord
  7881 | D        | Killed Lirydafe the pandemonium lord
  7946 | D        | Reached skill level 10 in Spellcasting
  8037 | D        | Gained mutation: Your spells are a little easier to cast, but a little less powerful. [a cacodemon]
  8079 | D        | Reached skill level 15 in Spellcasting
  8174 | D        | Noticed Zoumih the pandemonium lord
  8193 | D        | Killed Zoumih the pandemonium lord
  8399 | D        | Escaped with the Orb!

Skill      XL: |  1  2  3  4  5  6  7  8  9 10 11 12 13 14 15 16 17 18 19 20 21 |
---------------+----------------------------------------------------------------+-----
Long Blades    | 3 6 7 8 10 11 13 14 15 16 17 18 20 22 24 26 27 | 27.0
Shields        | 4 5 6 7 8 9 10 12 13 16 17 18 19 20 21 27 | 27.0
Evocations     | 5 6 7 8 10 12 15 17 19 20 27 | 27.0
Fighting       | 4 5 6 7 9 10 11 12 14 16 18 20 21 27 | 27.0
Armour         | 5 6 7 8 10 11 13 14 16 19 21 23 25 27 | 27.0
Dodging        | 4 7 9 11 21 27 | 27.0
Invocations    | 7 11 14 17 20 23 26 27 | 27.0
Stealth        | 23 27 | 27.0
Throwing       | 26 27 | 27.0
Spellcasting   | 22 | 22.2

Action                   |  1- 3 |  4- 6 |  7- 9 | 10-12 | 13-15 | 16-18 | 19-21 || total
-------------------------+-------+-------+-------+-------+-------+-------+-------++-------
Melee: Long sword        |    38 |    51 |       |       |       |       |       ||    89
       Scimitar          |       |    44 |   108 |   305 |       |       |       ||   457
       Double sword      |       |       |       |   268 |   971 |   672 |       ||  1911
       Unarmed           |       |       |       |       |     4 |       |       ||     4
       Eudemon blade     |       |       |       |       |       |   571 |  1104 ||  1675
Throw: Throwing net      |       |       |       |       |       |       |     2 ||     2
 Abil: Device Recharging |       |       |     1 |     1 |     6 |     2 |       ||    10
Evoke: Wand              |       |     1 |     2 |     7 |    19 |    10 |     5 ||    44
  Use: Potion            |     3 |       |     5 |     2 |       |     1 |     8 ||    19
       Scroll            |       |       |       |     5 |    15 |     4 |       ||    24
 Stab: Confused          |       |       |       |       |     4 |       |       ||     4
  Eat: Chunk             |       |       |       |     5 |     5 |     5 |     1 ||    16
       Fruit             |       |       |       |       |     2 |       |       ||     2
       Meat ration       |       |       |       |       |       |     1 |       ||     1
       Bread ration      |       |       |       |       |       |       |     2 ||     2
Armor: Scale mail        |     7 |    14 |       |       |       |       |       ||    21
       Plate armour      |       |    12 |    16 |   162 |    60 |       |       ||   250
       Gold dragon scale |       |       |       |       |   416 |   460 |   218 ||  1094
Dodge: Dodged            |     8 |    18 |    12 |    92 |   202 |   242 |   230 ||   804
Block: Shield            |    15 |    38 |    44 |   239 |   507 |   346 |       ||  1189
       Large shield      |       |       |       |       |       |   422 |   911 ||  1333
       Rpst.: Long sword |     3 |     5 |       |       |       |       |       ||     8
       Scimitar          |       |     2 |     7 |     7 |       |       |       ||    16
       Double sword      |       |       |       |    16 |    29 |    23 |       ||    68
       Eudemon blade     |       |       |       |       |       |    10 |    31 ||    41
